AoeStats
← hK | RanDoM

African Clearing

510628847Analyzed
4v4 RM · 22h ago on Oct 1, 2026· 22m 23s· 8 players
Game mode
Random Map
Map size
Large (8 player)
Population
200
Speed
Normal
Resources
Standard
Victory
Conquest
Starting age
Dark Age
Ending age
Imperial Age
RankedLock teamsTeams togetherTeam positionsShared explorationLock speedFull tech treeHidden civsTurbo modeCheats
Victory
Defeat
🇲🇽 Inca · Mexico
1802
+5
🇲🇽 Saracens · Mexico
1700
+8
🇲🇽 Britons · Mexico
1533
+13
🇲🇽 Cumans · Mexico
1366
+51
🇺🇸 Varangians · United States
1538
-13
🇧🇷 Vikings · Brazil
1506
-12
🇦🇷 Armenians · Argentina
1479
-11
🇬🇧 Danes · United Kingdom
1457
-10
DS_SayGG
12:45 Feudal Age
12:55 Loom
16:31 Castle Age
15:14 Double-Bit Axe
16:38 Stone Mining
milopokerboy
3:59 Loom
4:39 Loom
13:54 Feudal Age
14:15 Man-at-Arms
abija
3:58 Loom
13:03 Feudal Age
17:49 Castle Age
16:46 Fletching
17:25 Double-Bit Axe
18:34 Bodkin Arrow
22:10 Ballistics
MAZZUCCO
4:59 Loom
13:20 Feudal Age
14:23 Man-at-Arms
18:47 Fletching
hK | Anubis
7:26 Loom
12:21 Feudal Age
13:03 Double-Bit Axe
15:55 Forging
19:04 Wheelbarrow
22:23 Castle Age
hK | RanDoM
9:41 Loom
12:00 Feudal Age
12:38 Double-Bit Axe
12:46 Town Watch
14:37 Fletching
23:19 Castle Age
21:41 Horse Collar
21:52 Stone Mining
23:36 Wheelbarrow
FierroFlash
4:30 Loom
14:47 Feudal Age
14:59 Champi Runner
15:26 Double-Bit Axe
15:22 Horse Collar
15:54 Arson
20:16 Scale Mail Armor
21:11 Forging
kazumakine
13:10 Feudal Age
12:28 Loom
17:48 Castle Age
16:00 Double-Bit Axe
17:11 Gold Mining
17:56 Fletching
18:21 Town Watch
19:29 Crossbowman
Connection lost

Rejoining the realm…

Still unreachable

The connection could not be restored.

Session expired

The server has moved on; the page needs a fresh start.